 Dungeon Crawl Stone Soup version 0.29.0-11-gd7f09526c8 (webtiles) character file.

Game seed: 2315302041297785458

70 gelatine the Covered (level 4, 0/35 HPs)
             Began as a Demonspawn Fighter on Sept 6, 2022.
             Was a Follower of Nemelex Xobeh.
             Slain by Sigmund
             ... wielding a +4 scythe of flaming
              (4 damage)
             ... on level 2 of the Dungeon.
             The game lasted 00:04:57 (1165 turns).

gelatine the Covered (Demonspawn Fighter)           Turns: 1165, Time: 00:04:59

Health: 0/35       AC:  6    Str: 19    XL:     4   Next: 4%
Magic:  4/4        EV:  9    Int:  9    God:    Nemelex Xobeh [*.....]
Gold:   85         SH:  4    Dex: 12    Spells: 3/3 levels left

rFire   . . .      SeeInvis .   a - +0 war axe
rCold   . . .      Faith    .   c - +0 buckler
rNeg    . . .      Spirit   .   b - +0 scale mail
rPois   .          Reflect  .   (helmet restricted)
rElec   .          Harm     .   (no cloak)
rCorr   .          Rampage  .   (no gloves)
Will    .....                   (no boots)
Stlth   ..........              (no amulet)
HPRegen 0.11/turn               (no ring)
MPRegen 0.09/turn               (no ring)

@: no status effects
A: antennae 1, claws 1, hooves 1
a: Renounce Religion, Draw Escape, Draw Destruction, Draw Summoning


You were on level 2 of the Dungeon.
You worshipped Nemelex Xobeh.
Nemelex Xobeh was aware of your devotion.
You visited 1 branch of the dungeon, and saw 2 of its levels.

You collected 85 gold pieces.

Inventory:

Hand Weapons
 a - a +0 war axe (weapon)
Missiles
 l - 4 poisoned darts (quivered)
Armour
 b - a +0 scale mail (worn)
 c - a +0 buckler (worn)
Scrolls
 e - a scroll of acquirement {unknown}
 f - a scroll of immolation {unknown}
 h - 4 scrolls of identify {unknown}
 i - 2 scrolls of teleportation {unknown}
 j - a scroll of blinking {unknown}
 m - a scroll of vulnerability {unknown}
 o - a scroll of butterflies {unknown}
 p - a scroll of noise {unknown}
Potions
 d - a potion of might
 g - a potion of attraction {unknown}
 k - 2 potions of cancellation {unknown}
 n - a potion of curing {unknown}


   Skills:
 * Level 3.2 Fighting
 + Level 2.6 Axes
 * Level 0.1 Throwing
 + Level 3.2 Armour
 * Level 0.6 Dodging
 * Level 3.1 Shields
 * Level 0.6 Invocations


You had 3 spell levels left.
You didn't know any spells.
Your spell library was empty.

Dungeon Overview and Level Annotations

Branches:
Dungeon (2/15)

Altars:
Nemelex Xobeh

Annotations:
D:2 Sigmund


Innate Abilities, Weirdness & Mutations

You have a pair of small antennae on your head.
You have sharp fingernails.
You have large cloven feet.


Message History

The endoplasm freezes you.
You are frozen.
The endoplasm freezes you.
You are frozen.
You block the kobold's attack.
You barely miss the endoplasm. You kick the endoplasm.
You kill the endoplasm!
You hit the kobold.
You kill the kobold!
You have reached level 4!
You feel stronger.
Your demonic ancestry asserts itself...
A pair of antennae grows on your head!
A goblin comes into view. It is wielding a +0 club.
The goblin shouts!
You closely miss the goblin. You kick the goblin.
You kill the goblin!
Sigmund the Dreaded comes into view.
He is wielding a +4 scythe of flaming.
Sigmund shouts!
Things that are here:
a +0 club; a scroll labelled YFAINO JIBER; a goblin corpse Sigmund hits you with a +4 scythe of flaming.
Sigmund burns you.
You closely miss Sigmund. Sigmund casts a spell at you.
You resist with some effort.
You hit Sigmund but do no damage. Sigmund closely misses you.
You barely miss Sigmund. You kick Sigmund.
Sigmund is lightly wounded.
Sigmund barely misses you.
You slash Sigmund! You kick Sigmund.
Sigmund is heavily wounded.
Sigmund hits you with a +4 scythe of flaming!
Sigmund burns you.
You hit Sigmund.
Sigmund is severely wounded.
Sigmund is suddenly surrounded by pale red light.
Sigmund hits you with a +4 scythe of flaming!
* * * LOW HITPOINT WARNING * * *
Sigmund burns you.
You die...
Your body disappears without a glow.

#.# #.# ... ## ###.####
... .>#.#..# #.#
#.#.#..# #.# #.#@#..##
#.# #.#@....#
#.########.#.....#
#..........#)....#
#.......)..#.....#
#####..........#..#.##.#
...............#.......#
...##...........).######
.#.##..........#..#
...............#.##


You could see Sigmund.

Vanquished Creatures
  An adder (D:2)
  A worm (D:2)
  3 dart slugs (D:1)
  7 endoplasms
  4 giant cockroaches
  5 goblins
  3 hobgoblins
  3 quokkas
  6 ball pythons
  5 bats
  2 frilled lizards (D:1)
  5 kobolds
  4 rats
49 creatures vanquished.

Notes
Turn   | Place    | Note
-------+----------+-------------------------------------------
     0 | D:1      | gelatine the Demonspawn Fighter began the quest for the
                  | Orb.
     0 | D:1      | Reached XP level 1. HP: 18/18 MP: 1/1
   230 | D:1      | Discovered your monstrous ancestry.
   230 | D:1      | Gained mutation: You have sharp fingernails. [demonic
                  | ancestry]
   230 | D:1      | Reached XP level 2. HP: 24/24 MP: 2/2
   563 | D:1      | Gained mutation: You have large cloven feet. [demonic
                  | ancestry]
   563 | D:1      | Reached XP level 3. HP: 25/29 MP: 3/3
   636 | D:1      | Found a faded altar of an unknown god.
   660 | D:1      | Prayed at the altar of an unknown god.
   660 | D:1      | Became a worshipper of Nemelex Xobeh the Trickster
   660 | D:1      | Reached * piety under Nemelex Xobeh
   936 | D:2      | Received a gift from Nemelex Xobeh
  1153 | D:2      | Gained mutation: You have a pair of small antennae on your
                  | head. [demonic ancestry]
  1153 | D:2      | Reached XP level 4. HP: 28/35 MP: 4/4
  1157 | D:2      | Noticed Sigmund
  1165 | D:2      | Slain by Sigmund

Illustrated notes

Levels and vault maps discovered:
D:1:      dpeg_arrival_three_same_balls, layout_rooms,
          hellmonk_ecumenical_altar_lost_god, minmay_crystal_water,
          minmay_strange_pillars, chequers_serial_rivers_micro_a,
          minmay_octomino_j4
D:2:      layout_basic, reono_crystal_passage, hangedman_decor_growths,
          uniq_jessica, uniq_robin, uniq_sigmund

Skill      XL: |  1  2  3 |
---------------+----------+-----
Axes           | 2 |  2.6
Armour         | 3 |  3.2
Shields        | 3 |  3.1
Fighting       | |  3.2
Throwing       | |  0.1
Dodging        | |  0.6
Invocations    | |  0.6

Action                   |  1- 3 |  4- 6 || total
-------------------------+-------+-------++-------
Melee: War axe           |    94 |     6 ||   100
       Kick              |    10 |     3 ||    13
Invok: Draw Destruction  |     1 |       ||     1
Armor: Scale mail        |    61 |       ||    61
Dodge: Dodged            |    51 |     2 ||    53
Block: Buckler           |    21 |       ||    21
